 Dungeon Crawl Stone Soup version 0.20.1-1-g8b1a95d (webtiles) character file.

1086 Irenicus the Cleaver (level 8, -2/67 HPs)
             Began as a Deep Dwarf Gladiator on Nov 5, 2017.
             Was a Follower of Makhleb.
             Slain by an ogre
             ... wielding a +0 giant spiked club
              (27 damage)
             ... on level 6 of the Dungeon.
             The game lasted 00:13:00 (1782 turns).

Irenicus the Cleaver (Deep Dwarf Gladiator)         Turns: 1782, Time: 00:13:01

Health: -2/67      AC:  9    Str: 18    XL:     8   Next: 9%
Magic:  6/6        EV: 13    Int:  9    God:    Makhleb [*.....]
Gold:   190        SH:  0    Dex: 22    Spells: 7/7 levels left

rFire    . . .     SeeInvis .   a - +0 war axe
rCold    . . .     Gourm    .   (no shield)
rNeg     . . .     Faith    .   k - +0 ring mail
rPois    +         Spirit   .   c - +0 helmet
rElec    .         Reflect  .   (no cloak)
rCorr    .         Harm     .   t - +0 pair of gloves
MR       +....                  B - +0 pair of boots
Stlth    +.........             (no amulet)
Regen    0.0/turn               l - +6 ring of dexterity
MPRegen  0.1/turn               A - ring of poison resistance

@: very slightly contaminated, non-regenerating
A: damage resistance, heal wounds, sense surroundings 1, no regeneration
a: Heal Wounds, Renounce Religion


You were on level 6 of the Dungeon.
You worshipped Makhleb.
Makhleb was aware of your devotion.
You were not hungry.

You visited 2 branches of the dungeon, and saw 7 of its levels.

You collected 190 gold pieces.

Inventory:

Hand Weapons
 a - a +0 war axe (weapon)
Missiles
 d - 2 throwing nets (quivered)
Armour
 c - a +0 helmet (worn)
 k - a +0 ring mail (worn)
 t - a +0 pair of gloves (worn)
 B - a +0 pair of boots (worn)
Jewellery
 l - a +6 ring of dexterity (left hand)
 q - an uncursed ring of protection from magic
 u - an uncursed ring of protection from cold
 v - an uncursed ring of fire
 A - a ring of poison resistance (right hand)
Wands
 y - a wand of confusion (16/48)
Scrolls
 e - 3 scrolls of remove curse
 j - 2 scrolls of fog {unknown}
 n - a scroll of fear
 o - a scroll of noise
 p - 3 scrolls of amnesia {unknown}
 s - 2 scrolls of teleportation {unknown}
 w - a scroll of random uselessness {unknown}
 C - a scroll of enchant armour {unknown}
Potions
 m - 3 potions of might
 r - 2 potions of lignification
 z - a potion of curing
Comestibles
 b - 2 meat rations
 f - 4 bread rations
 i - a royal jelly
 x - 2 chunks of flesh


   Skills:
 - Level 2.0 Fighting
 + Level 10.2 Axes
 - Level 2.0 Throwing
 - Level 3.1 Armour
 - Level 3.2 Dodging


You had 7 spell levels left.
You didn't know any spells.

Dungeon Overview and Level Annotations

Branches:
Dungeon (6/15)             Temple (1/1) D:4

Altars:
Ashenzari
Cheibriados
Dithmenos
Elyvilon
Fedhas
Gozag
Hepliaklqana
Kikubaaqudgha
Makhleb
Nemelex Xobeh
Okawaru
Qazlal
Ru
Sif Muna
Trog
Uskayaw
Xom
The Shining One


Innate Abilities, Weirdness & Mutations

You are resistant to damage.
You can heal yourself by infusing magical energy.
You passively map a small area around you.
You do not regenerate.


Message History

An ogre comes into view. It is wielding a giant spiked club.
Found a royal jelly.
The ogre shouts!
A bullfrog skeleton comes into view.
Found 5 large rocks.
The ogre misses you.
You hit the ogre.
The ogre is lightly wounded.
You hit the ogre.
The ogre is moderately wounded.
The ogre barely misses you.
You hit the ogre.
The ogre is heavily wounded.
The ogre hits you with a giant spiked club.
You slash the ogre!
The ogre is almost dead.
You hit the ogre but do no damage.
The ogre is almost dead.
The ogre hits you with a giant spiked club!!
You die...

* ### , ,..# * * * #%# #.# *
####.###### *, ####.........##
* #.@OZ........... * ,#
#.##.##.#..#.#.. <
#########.#####.##........... *
.......ยง............#.#..#...(
#########.............#..#..# ,
* #######.###.###..#..# #.. ...
.... . # #..# .### #. * .
###############..# .# #. #. .


You could see an ogre and a bullfrog skeleton.

Vanquished Creatures
  An ice beast (D:5)
  2 centaurs
  A phantom (D:5)
  An ogre (D:5)
  A bullfrog (D:6)
  3 scorpions
  A howler monkey (D:5)
  A crimson imp (D:5)
  A bullfrog skeleton (D:5)
  A bullfrog zombie (D:6)
  2 hounds
  4 orc wizards
  An orc priest (D:4)
  2 worker ants
  2 adders
  An ooze (D:1)
  2 worms
  3 dart slugs
  3 leopard geckos
  5 orcs
  2 giant cockroaches
  A goblin (D:1)
  3 hobgoblins
  15 jackals
  3 kobolds (D:3)
  2 quokkas (D:2)
  2 ball pythons
  2 bats
  5 frilled lizards
  A jackal skeleton (D:6)
  A leopard gecko skeleton (D:6)
  2 rats
77 creatures vanquished.

Notes
Turn   | Place    | Note
-------+----------+-------------------------------------------
     0 | D:1      | Irenicus the Deep Dwarf Gladiator began the quest for the Orb.
     0 | D:1      | Reached XP level 1. HP: 19/19 MP: 1/1
    88 | D:1      | Reached XP level 2. HP: 21/26 MP: 2/2
   222 | D:1      | Reached skill level 4 in Axes
   456 | D:2      | Reached XP level 3. HP: 23/32 MP: 3/3
   606 | D:3      | Found a faded altar of an unknown god.
   770 | D:4      | Reached skill level 5 in Axes
   770 | D:4      | Reached XP level 4. HP: 11/39 MP: 4/4
   780 | D:4      | Reached skill level 6 in Axes
   780 | D:4      | Reached XP level 5. HP: 34/45 MP: 5/5
   834 | D:4      | Found a staircase to the Ecumenical Temple.
   846 | Temple   | Entered the Ecumenical Temple
   881 | Temple   | Became a worshipper of Makhleb the Destroyer
  1005 | D:5      | Entered Level 5 of the Dungeon
  1008 | D:5      | Noticed a phantom
  1029 | D:5      | Killed a phantom
  1029 | D:5      | Reached skill level 7 in Axes
  1064 | D:5      | Noticed an ice beast
  1078 | D:5      | Killed an ice beast
  1078 | D:5      | Reached XP level 6. HP: 10/52 MP: 6/6
  1172 | D:5      | Reached skill level 8 in Axes
  1176 | D:5      | Reached skill level 1 in Armour
  1265 | D:5      | Reached XP level 7. HP: 21/60 MP: 7/7
  1270 | D:5      | HP: 2/60 [ogre/giant club (11)]
  1335 | D:5      | Reached skill level 9 in Axes
  1588 | D:6      | Reached * piety under Makhleb
  1601 | D:6      | HP: 2/60 [centaur (5)]
  1631 | D:6      | Reached skill level 10 in Axes
  1631 | D:6      | Reached XP level 8. HP: 25/67 MP: 6/6
  1782 | D:6      | Slain by an ogre

Skill      XL: |  1  2  3  4  5  6  7 |
---------------+----------------------+-----
Axes           | 4 5 6 7 8 10 | 10.2
Fighting       | 2 |  2.0
Throwing       | 2 |  2.0
Armour         | 3 |  3.1
Dodging        | |  3.2

Action                   |  1- 3 |  4- 6 |  7- 9 || total
-------------------------+-------+-------+-------++-------
Melee: War axe           |    64 |    77 |    81 ||   222
Throw: Throwing net      |     2 |       |       ||     2
 Abil: Heal Wounds       |       |       |     2 ||     2
  Use: Potion            |     2 |     3 |       ||     5
       Scroll            |       |     2 |     4 ||     6
 Stab: Sleeping          |     2 |     1 |       ||     3
       Held in net/web   |     1 |       |       ||     1
  Eat: Chunk             |       |     1 |     2 ||     3
Armor: Leather armour    |    15 |     9 |       ||    24
       Skin              |       |    11 |       ||    11
       Ring mail         |       |    18 |    24 ||    42
Dodge: Dodged            |    34 |    57 |    70 ||   161
